 Dungeon Crawl Stone Soup version 0.32-a0-520-g344ed53f66 (webtiles) character file.

Game seed: 15532550913119208952

5055 Pooter the Cleaver (level 10, 0/136 HPs)
             Began as a Minotaur Berserker on Feb 27, 2024.
             Was an Elder of Trog.
             Succumbed to a killer bee's poison
             ... on level 9 of the Dungeon on Feb 28, 2024.
             The game lasted 00:43:05 (6895 turns).

Pooter the Cleaver (Minotaur Berserker)             Turns: 6895, Time: 00:43:05

Health: 0/136      AC: 19    Str: 25    XL:     10   Next: 31%
Magic:  9/9        EV:  7    Int:  6    God:    Trog [****..]
Gold:   20         SH:  0    Dex:  9    Spells: 9/9 levels left

rFire   + . .        a - -1 executioner's axe
rCold   . . .        (shield currently unavailable)
rNeg    . . .        I - +1 plate armour {rF+}
rPois   .            D - +1 hat
rElec   .            l - +0 cloak
rCorr   +            c - +2 pair of gloves
SInv    .            m - +1 pair of boots
Will    .....        h - amulet of regeneration Stlth
                     C - ring of resist corrosion
HPRegen 1.22/turn    (no ring)
MPRegen 0.11/turn

%: no passive effects
@: berserking, lethally poisoned (0 -> -5), very quick
A: horns 2, retaliatory headbutt
a: Renounce Religion, Berserk, Trog's Hand, Brothers in Arms


You were on level 9 of the Dungeon.
You worshipped Trog.
Trog was greatly pleased with you.
You visited 1 branch of the dungeon, and saw 9 of its levels.

You collected 496 gold pieces.
You spent 476 gold pieces at shops.

Inventory:

Hand Weapons
 a - a -1 executioner's axe (weapon)
   (You found it on level 5 of the Dungeon)
 b - a +0 orcbow
   (You took it off a centaur on level 8 of the Dungeon)
 g - a +1 trident of venom
   (You took it off a gnoll sergeant on level 8 of the Dungeon)
 s - the +7 dagger of Screaming Terror {vamp, rElec}
   (You found it on level 4 of the Dungeon)

   rElec:     It insulates you from electricity.
 z - a +1 broad axe
   (You found it on level 2 of the Dungeon)
 A - a -1 morningstar of freezing
   (You found it on level 5 of the Dungeon)
 H - a +6 halberd of freezing
   (You took it off a wight on level 7 of the Dungeon)
 J - a +0 sling
   (You took it off a goblin on level 2 of the Dungeon)
Missiles
 e - 30 poisoned darts (quivered)
 p - 4 curare-tipped darts
 E - a throwing net {!f}
 K - a javelin
 Q - 52 stones
Armour
 c - a +2 pair of gloves (worn)
   (You found it on level 1 of the Dungeon)
 k - a +3 chain mail
   (You took it off Terence on level 2 of the Dungeon)
 l - a +0 cloak (worn)
   (You found it on level 3 of the Dungeon)
 m - a +1 pair of boots (worn)
   (You found it on level 3 of the Dungeon)
 D - a +1 hat (worn)
   (You found it on level 7 of the Dungeon)
 I - a +1 plate armour of fire resistance (worn)
   (You took it off an orc warrior on level 8 of the Dungeon)
Jewellery
 h - an amulet of regeneration (around neck)
   (You found it on level 2 of the Dungeon)
 x - a ring of ice
   (You found it on level 3 of the Dungeon)
 C - a ring of resist corrosion (left hand)
   (You found it on level 6 of the Dungeon)
 F - the amulet of Gekkui {Reflect ^Fragile +Blink rN++ MP+9 SH+5}
   (You acquired it on level 6 of the Dungeon)

   [amulet of reflection]

   Reflect:   It reflects blocked missile attacks.
   rN++:      It greatly protects you from negative energy.
   MP+9:      It affects your magic capacity (+9).
   +Blink:    It lets you blink.
   ^Fragile:  It will be destroyed if unequipped.
   SH+5:      It affects your SH (+5).
 G - an amulet of guardian spirit
   (You found it on level 5 of the Dungeon)
Wands
 d - a wand of iceblast (27)
   (You found it on level 3 of the Dungeon)
Scrolls
 j - 2 scrolls of immolation {!r}
 t - 5 scrolls of teleportation {@r4}
 u - a scroll of vulnerability {!r}
 w - 4 scrolls of blinking
 y - a scroll of noise {!r}
 B - a scroll of butterflies
 N - a scroll of amnesia {unknown}
Potions
 f - a potion of ambrosia
 i - a potion of cancellation {unknown}
 n - a potion of haste {@q3}
 o - a potion of attraction {!q}
 q - 3 potions of might
 r - a potion of mutation {!q}
 v - 10 potions of curing {@q1}
 L - 2 potions of heal wounds {@q2}
 M - a potion of enlightenment


   Skills:
 + Level 9.0 Fighting
 * Level 12.0 Axes
 * Level 10.3 Ranged Weapons
 - Level 0.9 Throwing
 - Level 2.4 Armour
 - Level 2.1 Dodging
 - Level 0.9 Stealth
 - Level 0.6 Evocations


You had 9 spell levels left.
You didn't know any spells.
Your spell library was empty.

Dungeon Overview and Level Annotations

Branches:
Dungeon (9/15) Zot: 26636  Temple (0/1) D:7
   Lair: D:8-11         Orc: D:9-12

Altars:
Gozag
Kikubaaqudgha
Makhleb
Nemelex Xobeh
Okawaru
Ru
Uskayaw
Xom
The Shining One
Beogh

Shops:
D:4 *?(   D:8 !([

Annotations:
D:2 1 runed translucent door, Crazy Yiuf


Innate Abilities, Weirdness & Mutations

You have a pair of horns on your head.
You reflexively headbutt those who attack you in melee.


Message History

The killer bee stings you but does no damage.
The shadow barely misses you.
You barely miss the shadow. Your headbutt misses the shadow.
You barely miss the killer bee.
You feel very sick. The killer bee stings you.
* * * LOW HITPOINT WARNING * * *
You are more poisoned.
The killer bee poisons you!
The killer bee stings you but does no damage.
The shadow slips into darkness.
The shadow flickers and vanishes!
Deactivating autopickup; reactivate with Ctrl-A.
The killer bee stings you but does no damage.
You closely miss the killer bee. You closely miss something.
You feel very sick. The killer bee stings you.
* * * LOW HITPOINT WARNING * * *
The shadow strikes at you from the darkness!
* * * LOW HITPOINT WARNING * * *
Reactivating autopickup.
The killer bee stings you but does no damage.
A red film seems to cover your vision as you go berserk!
You feel yourself moving faster!
You feel mighty!
You feel very sick.
The killer bee stings you but does no damage.
The shadow closely misses you.
The killer bee stings you but does no damage.
You miss the killer bee. Your headbutt misses the killer bee.
You barely miss the shadow.
You feel sick. The killer bee stings you.
* * * LOW HITPOINT WARNING * * *
The shadow hits you.
* * * LOW HITPOINT WARNING * * *
The killer bee stings you but does no damage.
Unknown command.
You slice the shadow!!
You destroy the shadow!
Trog accepts your kill.
You closely miss the killer bee.
You feel sick. The killer bee barely misses you.
Your Fighting skill increases to level 9!
You closely miss the killer bee.
You feel sick. The killer bee stings you.
* * * LOW HITPOINT WARNING * * *
You are more poisoned.
The killer bee poisons you! The killer bee barely misses you.
You furiously retaliate!
You headbutt the killer bee! You slice the killer bee!!
You kill the killer bee!
Trog accepts your kill.
You die...

#.....# #.....# ....###
###.# ....# . ....#
##### ...
.##.#########...####...#
.##....................#
...........#..#.@.#...
.................†......
########################


There were no monsters in sight!

Vanquished Creatures
  The ghost of Lightli the Basher, a novice CoCK of Xom (D:8)
  A troll (D:7)
  A shadow (D:9)
  Sigmund (D:3)
  A wyvern (D:7)
  A ynoxinul (D:8)
  Duvessa (D:6)
  2 ogres (D:5)
  2 sky beasts
  A black bear (D:6)
  2 orc warriors
  2 centaurs (D:8)
  A phantom (D:5)
  2 kobold brigands (D:8)
  Blork the orc (D:6)
  6 bullfrogs
  6 scorpions
  A gnoll sergeant (D:8)
  5 wights (D:7)
  Dowan (D:6)
  9 killer bees (D:9)
  A howler monkey (D:6)
  2 bombardier beetles
  2 hounds
  A quasit (D:6)
  A gnoll bouda (D:7)
  5 orc priests
  2 jellies
  Jessica (D:2)
  Terence (D:2)
  2 sleepcaps (D:6)
  6 iguanas
  3 orc wizards
  10 gnolls
  7 adders
  A shadow imp (D:8)
  2 white imps
  2 ribbon worms (D:5)
  13 dart slugs
  15 orcs
  15 bats
  3 endoplasms
  3 giant cockroaches
  2 goblins (D:2)
  7 hobgoblins
  2 jackals (D:3)
  5 quokkas
  8 ball pythons
  A frilled lizard (D:3)
  3 goblin zombies (D:6)
  A hobgoblin zombie (D:6)
  14 kobolds
  3 kobold skeletons (D:6)
  3 orc zombies (D:6)
  7 rats
  A butterfly (D:1)
203 creatures vanquished.

Vanquished Creatures (others)
  A ribbon worm (D:2)
1 creature vanquished.

Grand Total: 204 creatures vanquished

Notes
Turn   | Place    | Note
-------+----------+-------------------------------------------
     0 | D:1      | Pooter the Minotaur Berserker began the quest for the Orb.
     0 | D:1      | Reached XP level 1. HP: 19/19 MP: 0/0
   456 | D:1      | Reached XP level 2. HP: 23/27 MP: 1/1
   636 | D:1      | Reached skill level 4 in Axes
  1133 | D:2      | Reached XP level 3. HP: 33/33 MP: 2/2
  1134 | D:2      | Reached ** piety under Trog
  1386 | D:2      | Noticed Jessica
  1393 | D:2      | Noticed Terence
  1405 | D:2      | Killed Jessica
  1406 | D:2      | Reached skill level 1 in Ranged Weapons
  1406 | D:2      | Reached XP level 4. HP: 40/40 MP: 3/3
  1411 | D:2      | Killed Terence
  1572 | D:2      | Found a runed translucent door.
  1573 | D:2      | Noticed Crazy Yiuf
  1676 | D:3      | Reached skill level 5 in Axes
  1728 | D:3      | Noticed Sigmund
  1738 | D:3      | Reached XP level 5. HP: 47/47 MP: 4/4
  1742 | D:3      | Killed Sigmund
  1743 | D:3      | Reached XP level 6. HP: 55/55 MP: 5/5
  1803 | D:3      | Found a roughly hewn altar of Beogh.
  1810 | D:3      | Reached skill level 6 in Axes
  1811 | D:3      | Reached skill level 5 in Fighting
  2109 | D:3      | Noticed a +0 hand axe
  2111 | D:3      | Found a hide-covered altar of Uskayaw.
  2111 | D:3      | Noticed a +0 dagger
  2287 | D:4      | Identified the +7 dagger of Screaming Terror {vamp, rElec}
  2337 | D:4      | Found Rudoatah's Magic Scroll Boutique.
  2559 | D:4      | Found Olagoegu's Assorted Antiques.
  2567 | D:4      | Bought a scroll labelled IJIPTU JEOSH for 19 gold pieces
  2567 | D:4      | Bought an amethyst potion for 17 gold pieces
  2567 | D:4      | Bought 2 scrolls labelled WOBUEFRA JELEA for 38 gold pieces
  2648 | D:4      | Bought a scroll of identify for 24 gold pieces
  2648 | D:4      | Bought a scroll of identify for 24 gold pieces
  2648 | D:4      | Bought a scroll of blinking for 90 gold pieces
  2648 | D:4      | Bought a scroll of noise for 12 gold pieces
  2868 | D:4      | Found Isad's Weapon Emporium.
  3272 | D:5      | Entered Level 5 of the Dungeon
  3282 | D:5      | Reached *** piety under Trog
  3512 | D:5      | Reached XP level 7. HP: 58/61 MP: 6/6
  3531 | D:5      | Found a sacrificial altar of Ru.
  3569 | D:5      | Reached skill level 7 in Axes
  3569 | D:5      | Reached skill level 5 in Ranged Weapons
  3879 | D:5      | Found an iron altar of Okawaru.
  3905 | D:5      | Found a burning altar of Makhleb.
  3912 | D:5      | Found an opulent altar of Gozag.
  3912 | D:5      | Found a shimmering altar of Xom.
  3920 | D:5      | Found an ancient bone altar of Kikubaaqudgha.
  3940 | D:5      | Reached XP level 8. HP: 70/70 MP: 7/7
  3942 | D:5      | Reached skill level 8 in Axes
  4209 | D:6      | Noticed Blork the orc
  4219 | D:6      | Killed Blork the orc
  4338 | D:6      | Reached skill level 9 in Axes
  4341 | D:6      | Noticed Dowan
  4342 | D:6      | Noticed Duvessa
  4348 | D:6      | Killed Duvessa
  4353 | D:6      | Killed Dowan
  4455 | D:6      | Reached XP level 9. HP: 79/79 MP: 8/8
  4547 | D:6      | Found a glowing golden altar of the Shining One.
  4559 | D:6      | Reached **** piety under Trog
  4767 | D:6      | Found a sparkling altar of Nemelex Xobeh.
  4951 | D:6      | Identified a scroll of acquirement
  4952 | D:6      | Acquired the amulet of Gekkui {Reflect ^Fragile +Blink rN++
                  | MP+9 SH+5}
  5189 | D:7      | Found a staircase to the Ecumenical Temple.
  5217 | D:7      | Reached skill level 10 in Axes
  5418 | D:7      | Noticed a troll
  5424 | D:7      | Killed a troll
  5747 | D:8      | Reached skill level 11 in Axes
  5865 | D:8      | Noticed Lightli's ghost (novice CoCK)
  5878 | D:8      | Found a runed translucent door.
  6054 | D:8      | Found Ugatuan's Armour Emporium.
  6057 | D:8      | Found Susorr's Weapon Emporium.
  6060 | D:8      | Found Xuzog's Distillery.
  6362 | D:8      | Killed Lightli's ghost
  6363 | D:8      | Reached XP level 10. HP: 90/90 MP: 9/9
  6379 | D:8      | Reached skill level 10 in Ranged Weapons
  6520 | D:8      | Bought a potion of curing for 36 gold pieces
  6520 | D:8      | Bought a potion of curing for 36 gold pieces
  6520 | D:8      | Bought a potion of heal wounds for 60 gold pieces
  6520 | D:8      | Bought a potion of enlightenment for 60 gold pieces
  6520 | D:8      | Bought a potion of heal wounds for 60 gold pieces
  6886 | D:9      | Reached skill level 12 in Axes
  6894 | D:9      | HP: 6/136 [poisoned by a killer bee]
  6894 | D:9      | HP: 1/136 [killer bee (5)]
  6895 | D:9      | Succumbed to a killer bee's poison

Illustrated notes

Levels and vault maps discovered:
D:1:      spicycebolla_arrival_clurvy, layout_basic, nicolae_eternal_life,
          hangedman_decor_lopped, hangedman_glass_teeth
D:2:      layout_rooms, uniq_jessica, uniq_crazy_yiuf_cottage, uniq_terence
D:3:      kennysheep_slugbush, layout_basic, dancing_weapons_uskayaw,
          hangedman_decor_points, kennysheep_another_room,
          kennysheep_orc_chapel, uniq_sigmund
D:4:      layout_layer_cave, serial_shops, nicolae_square_shop,
          nicolae_shop_tiny_waterfront, shop, amcnicky_mini_pool_small,
          minmay_misc_feat_hallway, serial_park_tiny_pond
D:5:      old_forge, layout_basic, nicolae_overflow_hallway_of_the_gods,
          mainiacjoe_overflow_24_doors, wad_rectangle_vault
D:6:      layout_basic, nicolae_tso_besieged_by_evil, mainiacjoe_overflow_paths,
          minmay_misc_feat_doors, lightli_orcish_oven, uniq_blork_the_orc,
          uniq_duvessa
D:7:      layout_rooms, minmay_temple_entry_tees
D:8:      layout_basic, hellmonk_ghost_big_iron,
          nicolae_shop_distant_corner_stores, minivault_27
D:9:      layout_stronghold

Skill      XL: |  1  2  3  4  5  6  7  8  9 10 |
---------------+-------------------------------+-----
Axes           | 4 5 6 7 9 11 12 | 12.0
Fighting       | 4 5 6 7 8 9 |  9.0
Ranged Weapons | 1 2 3 4 5 7 9 10 | 10.3
Throwing       | |  0.9
Armour         | |  2.4
Dodging        | |  2.1
Stealth        | |  0.9
Evocations     | |  0.6

Action                     |  1- 3 |  4- 6 |  7- 9 | 10-12 || total
---------------------------+-------+-------+-------+-------++-------
  Melee: Hand axe          |    47 |       |       |       ||    47
         Headbutt          |     6 |     6 |    40 |     8 ||    60
         Broad axe         |    32 |    54 |    44 |       ||   130
         Executioner's axe |       |       |   173 |    51 ||   224
   Fire: Sling             |    10 |    82 |    15 |       ||   107
         Orcbow            |       |       |     7 |     2 ||     9
  Throw: Dart              |       |       |     6 |       ||     6
 Invoke: Berserk           |     1 |     2 |     8 |     2 ||    13
         Trog's Hand       |       |     4 |     3 |     1 ||     8
  Evoke: Wand              |       |       |     6 |       ||     6
    Use: Scroll            |     3 |     7 |    10 |       ||    20
   Stab: Sleeping          |     2 |       |       |       ||     2
         Held in net/web   |       |       |     1 |       ||     1
 Armour: Animal skin       |    64 |     4 |       |       ||    68
         Chain mail        |       |    79 |   216 |       ||   295
         Plate armour      |       |       |    45 |   118 ||   163
  Dodge: Dodged            |    53 |    23 |   161 |    46 ||   283
         Repelled          |     1 |    17 |       |       ||    18

Table legend: (Time is in decaauts)
 A = Elapsed time spent in this place.
 B = Non-inter-level travel time spent in this place.
 C = Inter-level travel time spent in this place.
 D = Time resting spent in this place.
 E = Time spent auto-exploring this place.
 F = Levels seen in this place.
 G = Mean time per level.
                   A        B        C        D        E       F      G
               +--------+--------+--------+--------+--------+-----+--------+
         Total |   7165 |   6892 |    273 |    765 |   4581 |   9 |  796.1 |
       Dungeon |   7165 |   6892 |    273 |    765 |   4581 |   9 |  796.1 |
               +--------+--------+--------+--------+--------+-----+--------+

Top non-repeatable levels by time:
     D:4: 1254 daAuts
     D:1: 1009 daAuts
     D:6: 931 daAuts
     D:8: 872 daAuts
     D:5: 716 daAuts
     D:3: 690 daAuts
     D:7: 679 daAuts
     D:2: 658 daAuts
     D:9: 352 daAuts
